 Dungeon Crawl Stone Soup version 0.24.0-35-gdb84b6a5db (webtiles) character file.

Game seed: 11392504956787290775, levelgen mode: deterministic

2705 Flugslaktarn the Cleaver (level 9, -12/78 HPs)
             Began as a Minotaur Fighter on Nov 18, 2019.
             Was an Elder of Cheibriados.
             Mangled by a gargoyle
             ... wielding a +0 flail
              (19 damage)
             ... on level 6 of the Dungeon.
             The game lasted 00:02:43 (5911 turns).

Flugslaktarn the Cleaver (Minotaur Fighter)         Turns: 5911, Time: 00:02:44

Health: -12/78     AC: 11    Str: 34    XL:     9   Next: 39%
Magic:  12/12      EV:  9    Int: 15    God:    Cheibriados [****..]
Gold:   199        SH: 13    Dex: 25    Spells: 8/8 levels left

rFire    . . .     SeeInvis .   a - +0 war axe
rCold    . . .     Gourm    .   v - +0 shield (curse)
rNeg     . . .     Faith    .   C - +0 chain mail
rPois    .         Spirit   .   (helmet restricted)
rElec    .         Reflect  .   (no cloak)
rCorr    .         Harm     .   f - +0 pair of gloves
MR       .....                  (no boots)
Stlth    ..........             (no amulet)
HPRegen  0.23/turn              A - +5 ring of dexterity
MPRegen  0.13/turn              (no ring)

@: very slow
A: retaliatory headbutt, horns 2
a: Bend Time, Temporal Distortion, Slouch, Renounce Religion


You were on level 6 of the Dungeon.
You worshipped Cheibriados.
Cheibriados was greatly pleased with you.
You were not hungry.

You visited 1 branch of the dungeon, and saw 6 of its levels.

You collected 199 gold pieces.

Inventory:

Hand Weapons
 a - a +0 war axe (weapon)
Armour
 f - a +0 pair of gloves (worn)
   (You found it on level 2 of the Dungeon)
 v - a cursed +0 shield (worn)
   (You found it on level 4 of the Dungeon)
 C - a +0 chain mail (worn)
   (You took it off an orc on level 6 of the Dungeon)
Jewellery
 A - a +5 ring of dexterity (left hand)
   (You found it on level 5 of the Dungeon)
Scrolls
 h - 5 scrolls of identify {unknown}
 i - 3 scrolls of remove curse {unknown}
 j - a scroll of enchant armour {unknown}
 m - a scroll of fog {unknown}
 q - 2 scrolls of magic mapping {unknown}
 r - 2 scrolls of blinking {unknown}
 u - 2 scrolls of teleportation {unknown}
 w - a scroll of random uselessness {unknown}
 y - a scroll of summoning {unknown}
Potions
 c - a potion of mutation {unknown}
 d - 2 potions of might
 g - 2 potions of lignification {unknown}
 k - 2 potions of brilliance {unknown}
 l - 2 potions of curing {unknown}
 n - 2 potions of magic {unknown}
 o - 2 potions of flight {unknown}
 p - a potion of cancellation {unknown}
 s - a potion of berserk rage {unknown}
 t - a potion of heal wounds {unknown}
 x - a potion of ambrosia {unknown}
 z - a potion of agility {unknown}
 B - a potion of degeneration {unknown}
Comestibles
 b - 4 chunks of flesh
 e - 14 rations


   Skills:
 + Level 6.9 Fighting
 * Level 8.7 Axes
 + Level 6.9 Armour
 + Level 2.2 Dodging
 - Level 6.4 Shields
 * Level 6.3 Invocations


You had 8 spell levels left.
You didn't know any spells.
Your spell library was empty.

Dungeon Overview and Level Annotations

Branches:
Dungeon (6/15)             Temple (0/1) D:4

Altars:
Ashenzari
Cheibriados
Kikubaaqudgha
Okawaru
Qazlal
Ru
Uskayaw
The Shining One


Innate Abilities, Weirdness & Mutations

You reflexively headbutt those who attack you in melee.
You have a pair of horns on your head.


Message History

You block the stone arrow.
You slash the gargoyle!
You headbutt the gargoyle, but do no damage.
The gargoyle is heavily damaged.
The gargoyle hurls a stone arrow at you.
The stone arrow hits you!
* * * LOW HITPOINT WARNING * * *
Unknown command.
You slash the gargoyle!
The gargoyle is almost destroyed.
You block the gargoyle's attack.
Unknown command.
You barely miss the gargoyle.
The gargoyle is almost destroyed.
The gargoyle barely misses you.
Unknown command.
You hit the gargoyle.
The gargoyle is almost destroyed.
The gargoyle hits you with a +0 flail!!
You die...

#.# # ####.#..#
..# #.......#
### #.......#
#.......####
.............#
..#.......##.#
..........##.#
.#######..##.#
#(@((.#####.###
#.9###..# #...#
#.8#%#8)####.#.#
#'##$##'##.....#
8..#$#...'.##.##
#..!+[#..8### .#
##+##)##+## .#
S8#)# .# .## ##


You could see a water moccasin and a gargoyle.

Vanquished Creatures
  Pikel (D:5)
  A cyclops (D:6)
  Prince Ribbit (D:5)
  A slave (D:5)
  3 sky beasts
  An ogre (D:6)
  2 centaurs (D:5)
  A bullfrog (D:6)
  Blork the orc (D:5)
  A scorpion (D:4)
  A water moccasin skeleton (D:5)
  A vampire bat (D:6)
  3 crimson imps
  A jelly (D:6)
  A bullfrog zombie (D:6)
  2 bullfrog skeletons (D:6)
  A centaur zombie (D:6)
  A hound (D:5)
  An orc priest (D:6)
  Natasha (thrice) (D:4)
  8 worker ants
  2 orc wizards
  A hound skeleton (D:6)
  Robin (D:4)
  10 adders
  An ooze (D:1)
  An adder zombie (D:5)
  4 adder skeletons
  A worm (D:3)
  2 dart slugs (D:2)
  5 leopard geckos
  8 orcs
  3 bat skeletons (D:6)
  A bat zombie (D:6)
  9 giant cockroaches
  9 goblins
  19 hobgoblins
  10 jackals
  9 kobolds
  3 quokkas
  5 bats
  5 frilled lizards
  A giant cockroach zombie (D:6)
  A jackal zombie (D:6)
  A leopard gecko skeleton (D:6)
  A quokka skeleton (D:5)
  5 rats
154 creatures vanquished.

Vanquished Creatures (others)
  A frilled lizard (D:5)
1 creature vanquished.

Grand Total: 155 creatures vanquished

Notes
Turn   | Place    | Note
-------+----------+-------------------------------------------
     0 | D:1      | Flugslaktarn the Minotaur Fighter began the quest for the
                  | Orb.
     0 | D:1      | Reached XP level 1. HP: 19/19 MP: 0/0
   155 | D:1      | Reached XP level 2. HP: 27/27 MP: 1/1
   176 | D:1      | Reached skill level 3 in Axes
   481 | D:1      | Reached XP level 3. HP: 33/33 MP: 2/2
  1223 | D:2      | Reached XP level 4. HP: 40/40 MP: 3/3
  1237 | D:2      | Found a shattered altar of Ashenzari.
  1242 | D:2      | Found a stormy altar of Qazlal.
  1242 | D:2      | Found a snail-covered altar of Cheibriados.
  1299 | D:2      | Became a worshipper of Cheibriados the Contemplative
  1404 | D:3      | Reached skill level 4 in Axes
  1782 | D:3      | Found a sacrificial altar of Ru.
  1915 | D:3      | Found a glowing golden altar of the Shining One.
  1919 | D:3      | Reached * piety under Cheibriados
  1921 | D:3      | Reached skill level 1 in Invocations
  2299 | D:4      | Reached XP level 5. HP: 47/47 MP: 4/4
  2811 | D:4      | Found a staircase to the Ecumenical Temple.
  2811 | D:4      | Noticed Natasha
  2816 | D:4      | Killed Natasha
  2851 | D:4      | Reached XP level 6. HP: 31/53 MP: 6/6
  2863 | D:4      | Reached ** piety under Cheibriados
  2863 | D:4      | Reached skill level 5 in Axes
  3197 | D:4      | Noticed Natasha
  3200 | D:4      | Found a hide-covered altar of Uskayaw.
  3208 | D:4      | Killed Natasha
  3210 | D:4      | Noticed Natasha
  3219 | D:4      | Killed Natasha
  3821 | D:4      | Noticed Robin
  3831 | D:4      | Killed Robin
  3831 | D:4      | Reached skill level 5 in Fighting
  3831 | D:4      | Reached skill level 5 in Armour
  3981 | D:5      | Entered Level 5 of the Dungeon
  3997 | D:5      | Noticed Blork the orc
  4004 | D:5      | Killed Blork the orc
  4004 | D:5      | Reached skill level 5 in Shields
  4004 | D:5      | Reached XP level 7. HP: 61/61 MP: 8/8
  4031 | D:5      | Noticed Prince Ribbit
  4038 | D:5      | Reached *** piety under Cheibriados
  4049 | D:5      | Killed Prince Ribbit
  4049 | D:5      | Reached skill level 6 in Axes
  4308 | D:5      | Noticed Pikel
  4320 | D:5      | Killed Pikel
  4320 | D:5      | Reached skill level 7 in Axes
  4320 | D:5      | Reached XP level 8. HP: 61/70 MP: 8/10
  4531 | D:5      | Reached skill level 5 in Invocations
  4954 | D:6      | Found an iron altar of Okawaru.
  5316 | D:6      | Reached skill level 8 in Axes
  5356 | D:6      | Reached XP level 9. HP: 78/78 MP: 12/12
  5452 | D:6      | Reached **** piety under Cheibriados
  5452 | D:6      | Reached skill level 1 in Dodging
  5508 | D:6      | Found an ancient bone altar of Kikubaaqudgha.
  5897 | D:6      | Noticed a cyclops
  5899 | D:6      | Noticed a gargoyle
  5903 | D:6      | Killed a cyclops
  5911 | D:6      | Mangled by a gargoyle

Levels and vault maps discovered:
D:1:      minmay_arrival_hallway, layout_basic
D:2:      layout_basic, grunt_temple_overflow_open
D:3:      layout_basic, old_standard_altar, overflow_temple_1_default
D:4:      corexii_shack_village, layout_basic, eat_drink_and_be_merry_uskayaw,
          minmay_temple_entry_junction_2, mrwooster_statue_mirror, uniq_robin,
          uniq_natasha
D:5:      layout_loops_ring, first_ration, uniq_prince_ribbit1,
          uniq_blork_the_orc, uniq_pikel
D:6:      minmay_chambers_of_sixes, layout_loops_ring,
          okawaru_ov_weapons_minmay, kennysheep_vampire_church

Skill      XL: |  1  2  3  4  5  6  7  8  9 |
---------------+----------------------------+-----
Axes           | 3 4 5 7 8 |  8.7
Fighting       | 4 5 6 |  6.9
Armour         | 4 5 6 |  6.9
Shields        | 4 5 6 |  6.4
Invocations    | 1 2 4 5 6 |  6.3
Dodging        | 2 |  2.2

Action                   |  1- 3 |  4- 6 |  7- 9 || total
-------------------------+-------+-------+-------++-------
Melee: War axe           |    66 |   186 |   137 ||   389
       Headbutt          |    14 |    39 |    45 ||    98
  Eat: Chunk             |     1 |     6 |     3 ||    10
Armor: Scale mail        |    26 |    96 |    43 ||   165
       Chain mail        |       |       |    10 ||    10
Dodge: Dodged            |    13 |    70 |    47 ||   130
Block: Shield            |    38 |   118 |    66 ||   222
